 Dungeon Crawl Stone Soup version 0.26-a0-946-g9485abf61d (webtiles) character file.

Game seed: 15596618911584230969

316 Descartes the Gusty (level 6, -1/32 HPs)
             Began as a Deep Elf Air Elementalist on Nov 28, 2020.
             Was an Initiate of Gozag.
             Slain by a worker ant (8 damage)
             ... on level 4 of the Dungeon.
             The game lasted 00:11:44 (3875 turns).

Descartes the Gusty (Deep Elf Air Elementalist)     Turns: 3875, Time: 00:11:44

Health: -1/32      AC:  2    Str:  5    XL:     6   Next: 20%
Magic:  5/15       EV: 13    Int: 22    God:    Gozag
Gold:   246        SH:  0    Dex: 15    Spells: 10/14 levels left

rFire    + . .     SeeInvis .   n - +2 spear (freeze)
rCold    . . .     Faith    .   (no shield)
rNeg     . . .     Spirit   .   a - +0 robe
rPois    .         Reflect  .   (no helmet)
rElec    .         Harm     .   (no cloak)
rCorr    .         Rampage  .   (no gloves)
MR       .....                  (no boots)
Stlth    ++........             (no amulet)
HPRegen  0.10/turn              g - ring of protection from fire
MPRegen  0.14/turn              (no ring)

@: brilliant, lethally poisoned (-1 -> -7)
A: no striking features
a: Potion Petition, Call Merchant, Bribe Branch, Renounce Religion


You were on level 4 of the Dungeon.
You worshipped Gozag.
Gozag was aware of your devotion.
You visited 1 branch of the dungeon, and saw 4 of its levels.

You collected 300 gold pieces.
You paid 54 gold pieces to Gozag.

Inventory:

Hand Weapons
 m - a +0 whip of electrocution
 n - a +2 spear of freezing (weapon)
Missiles
 d - 155 stones
 i - 39 arrows
 p - a throwing net
 q - 13 poisoned darts
Armour
 a - a +0 robe (worn)
Jewellery
 g - a ring of protection from fire (left hand)
Wands
 h - a wand of digging (4)
Scrolls
 c - a scroll of enchant weapon {unknown}
 e - 5 scrolls of remove curse {unknown}
 s - a scroll of blinking {unknown}
 t - a scroll of identify {unknown}
Potions
 f - a potion of lignification {unknown}
 k - a potion of might {unknown}
 l - a potion of resistance {unknown}
 o - a potion of berserk rage {unknown}
 r - a potion of haste {unknown}


   Skills:
 - Level 2.4 Dodging
 - Level 2.4 Stealth
 + Level 4.7 Spellcasting
 * Level 4.4 Conjurations
 * Level 5.0 Air Magic


You had 10 spell levels left.
You knew the following spells:

 Your Spells              Type           Power        Failure   Level
a - Shock                 Conj/Air       ####         1%          1
b - Static Discharge      Conj/Air       #####...     4%          3

Your spell library contained the following spells:

 Spells                   Type           Power        Failure   Level
 Swiftness                Air            #####...     1%          2
 Airstrike                Air            #####.....   13%         4
 Lightning Bolt           Conj/Air       #####.....   38%         5


Dungeon Overview and Level Annotations

Branches:
Dungeon (4/15)
 Temple: D:4-7

Altars:
Gozag
Makhleb
Nemelex Xobeh
Qazlal
Wu Jian
Yredelemnul


Message History

The worker ant misses you.
An adder skeleton comes into view.
The worker ant bites you.
There is a burning altar of Makhleb here.
Okay, then.
The worker ant bites you.
* * * LOW HITPOINT WARNING * * *
You are poisoned.
The worker ant poisons you!
* * * LOW HITPOINT WARNING * * *
You feel sick.
* * * LOW HITPOINT WARNING * * *
You feel sick.
* * * LOW HITPOINT WARNING * * *
You feel sick.
It was a potion of brilliance.
You feel clever all of a sudden. The worker ant bites you!
You die...
Your body crumbles into a pile of gold.

#..##.## #.# $
###..#..Z###.####
......._........##
...###...#..#....####
##. ##.##..#.....#8###8#
#.....#............
#.####.....#............
#......#####............
###....B@........#8###8#
##.........<..#### #
##..^.......##
############


You could see a worker ant.

Vanquished Creatures
  2 howler monkeys (D:4)
  An orc wizard (D:3)
  9 gnolls
  3 adders (D:3)
  A worm (D:3)
  An adder skeleton (D:4)
  3 dart slugs
  2 leopard geckos
  6 orcs
  A ball python (D:3)
  5 bats
  2 giant cockroaches
  18 goblins
  6 hobgoblins
  12 kobolds
  A quokka (D:2)
  2 frilled lizards (D:1)
  A quokka skeleton (D:4)
  8 rats
84 creatures vanquished.

Notes
Turn   | Place    | Note
-------+----------+-------------------------------------------
     0 | D:1      | Descartes the Deep Elf Air Elementalist began the quest for
                  | the Orb.
     0 | D:1      | Reached XP level 1. HP: 10/10 MP: 6/6
   184 | D:1      | Reached XP level 2. HP: 15/15 MP: 6/8
   199 | D:1      | You fall into a shaft and drop 1 floor!
   679 | D:2      | Reached XP level 3. HP: 19/19 MP: 4/9
  1083 | D:1      | Reached XP level 4. HP: 24/24 MP: 7/11
  1161 | D:1      | Learned a level 3 spell: Static Discharge
  1395 | D:1      | Reached skill level 4 in Air Magic
  2389 | D:2      | Reached XP level 5. HP: 28/28 MP: 2/13
  2769 | D:3      | Found a basalt altar of Yredelemnul.
  3042 | D:3      | Found an opulent altar of Gozag.
  3048 | D:3      | Became a worshipper of Gozag Ym Sagoz the Greedy
  3154 | D:3      | Found a sparkling altar of Nemelex Xobeh.
  3686 | D:3      | Found a stormy altar of Qazlal.
  3806 | D:4      | Found a burning altar of Makhleb.
  3821 | D:4      | Found an ornate altar of the Wu Jian Council.
  3826 | D:4      | Reached XP level 6. HP: 32/32 MP: 9/14
  3838 | D:4      | Reached skill level 5 in Air Magic
  3875 | D:4      | Slain by a worker ant

Illustrated notes

Levels and vault maps discovered:
D:1:      lemuel_arrival_behind_the_door_small, layout_basic
D:2:      layout_loops_ring
D:3:      layout_loops_cross, lemuel_round_altar, general_overflow_altar,
          nicolae_gozag_cash_rules_everything_around_me, lemuel_crystal_altar,
          minivault_19, minmay_misc_feat_more_columns
D:4:      layout_rooms, bloody_trog, nicolae_overflow_crystal_walls,
          nicolae_overflow_hidden_temple, lemuel_crystal_altar, serial_shops,
          nicolae_shop_temple_entry_statues_fountains, corexii_hall_statues_i

Skill      XL: |  1  2  3  4  5  6 |
---------------+-------------------+-----
Conjurations   | 2 3 4 |  4.4
Air Magic      | 4 5 |  5.0
Spellcasting   | 4 |  4.7
Dodging        | |  2.4
Stealth        | |  2.4

Action                   |  1- 3 |  4- 6 || total
-------------------------+-------+-------++-------
Melee: Spear             |       |     8 ||     8
 Cast: Shock             |    66 |   105 ||   171
  Use: Potion            |       |     3 ||     3
Armor: Robe              |     1 |     1 ||     2
Dodge: Dodged            |     9 |     9 ||    18

Table legend: (Time is in decaauts)
 A = Elapsed time spent in this place.
 B = Non-inter-level travel time spent in this place.
 C = Inter-level travel time spent in this place.
 D = Time resting spent in this place.
 E = Time spent auto-exploring this place.
 F = Levels seen in this place.
 G = Mean time per level.
                   A        B        C        D        E       F      G
               +--------+--------+--------+--------+--------+-----+--------+
         Total |   3874 |   3710 |    164 |     97 |   3203 |   4 |  968.5 |
       Dungeon |   3874 |   3710 |    164 |     97 |   3203 |   4 |  968.5 |
               +--------+--------+--------+--------+--------+-----+--------+

Top non-repeatable levels by time:
     D:1: 1500 daAuts
     D:2: 1223 daAuts
     D:3: 1031 daAuts
     D:4: 118 daAuts
